 Dungeon Crawl Stone Soup version 0.15-a0-1854-g6489380 (webtiles) character file.

31 Charly the Ruinous (level 3, -1/19 HPs)
             Began as a Tengu Wizard on July 3, 2014.
             Slain by an orc wizard
             ... wielding a +0 dagger
              (5 damage)
             ... on Level 3 of the Dungeon.
             The game lasted 00:10:16 (872 turns).

Charly the Ruinous (Tengu Wizard)                    Turns: 872, Time: 00:10:17

HP  -1/19        AC  2     Str  7      XL: 3   Next: 22%
MP   0/8         EV 12     Int 24      God:
Gold 69          SH  0     Dex 12      Spells:  4 memorised,  0 levels left

rFire  . . .     SeeInvis .     e - +0 sling (curse)
rCold  . . .     Clarity  .     a - +0 robe
rNeg   . . .     rCorr    .     (no shield)
rPois  .         rRot     .     b - +0 hat
rElec  .         Spirit   .     (no cloak)
SustAb .         Warding  .     (no gloves)
rMut   .         Stasis   .     (boots unavailable)
Gourm  .                        (no amulet)
MR     .....                    (no ring)
                                (no ring)

@: brilliant, slowed, repel missiles, very slow, not resistant to hostile
enchantments, unstealthy
A: beak, talons 3
a: no special abilities


You were on level 3 of the Dungeon.
You were not hungry.

You visited 1 branch of the dungeon, and saw 4 of its levels.

You collected 69 gold pieces.

Inventory:

Hand weapons
 e - a cursed +0 sling (weapon)
 f - a +0 cutlass
Missiles
 g - 42 stones (quivered)
Armour
 a - a +0 robe (worn)
 b - a +0 hat (worn)
Comestibles
 d - a bread ration
Scrolls
 j - a scroll of noise {unknown}
 m - a scroll of blinking {unknown}
Jewellery
 i - an uncursed amulet of stasis
Potions
 k - a potion of haste {unknown}
 l - a potion of agility {unknown}
Books
 c - a book of Minor Magic

   Spells                             Type                      Level
   *Magic Dart                        Conjuration                  1
   *Blink                             Translocation                2
   Call Imp                           Summoning                    2
   *Repel Missiles                    Charms/Air                   2
   Slow                               Hexes                        2
   Conjure Flame                      Conjuration/Fire             3
   *Mephitic Cloud                    Conjuration/Poison/Air       3


   Skills:
 - Level 2.1 Dodging
 - Level 2.0 Stealth
 - Level 3.0 Spellcasting
 + Level 3.3 Conjurations
   Level 1.2 Summonings
 - Level 1.4 Translocations
 * Level 0.2 Poison Magic


You couldn't memorise any spells.
You knew the following spells:

 Your Spells              Type           Power        Failure   Level  Hunger
b - Blink                 Tloc           N/A          1%          2    ##.....
c - Mephitic Cloud        Conj/Pois/Air  ###.....     3%          3    ###....
d - Magic Dart            Conj           ####         1%          1    None
r - Repel Missiles        Chrm/Air       ###...       2%          2    ##.....


Dungeon Overview and Level Annotations

Branches:
Dungeon (4/15)
 Temple: D:4-7

Altars:
Gozag


Innate Abilities, Weirdness & Mutations

You have a beak for a mouth.
You have claws for feet.


Message History

Confirm with . or Enter, or press ? or * to list all spells.
You blink.
The orc wizard completely misses you.
Drink which item? (? for menu, Esc to quit)
Okay, then.
Read which item? (? for menu, Esc to quit)
Okay, then.
The orc wizard gestures at you while chanting.
You feel yourself slow down.
Firing (i - inventory):
g - 43 stones (quivered)
Press: ? - help, Shift-Dir - straight line, f - orc wizard
Aim: an orc wizard, wielding a dagger and wearing a robe You shoot a stone.
The stone barely misses the orc wizard.
The orc wizard hits you but does no damage.
The orc wizard gestures at you while chanting.
The magic dart hits you!
* * * LOW HITPOINT WARNING * * *
Drink which item? (? for menu, Esc to quit)
You feel clever all of a sudden.
It was a potion of brilliance.
The orc wizard hits you with a dagger.
You die...

..#.# #.# ###+##
#.# ##...## #>#
##.....## ###.#
##.......## ##.#.#
#.........####....#
+.........'.......#
#..)......####...##
##<......## ##@##
##.....## #o#
##...## #.# ##+##
#.# #.# #.# .. #)#
....##.######)#
........)....(#
...)...########


You could see an orc wizard.

Vanquished Creatures
  10 orcs (D:3)
  2 bats (D:2)
  2 giant cockroaches
  A hobgoblin (D:3)
  A kobold (D:3)
  A giant newt (D:3)
  3 rats (D:3)
20 creatures vanquished.

Notes
Turn   | Place    | Note
--------------------------------------------------------------
     0 | D:1      | Charly, the Tengu Wizard, began the quest for the Orb.
     0 | D:1      | Reached XP level 1. HP: 10/10 MP: 4/4
   301 | D:3      | Found an opulent altar of Gozag.
   309 | D:4      | Noticed a worker ant
   309 | D:4      | Noticed an orc priest
   373 | D:3      | Reached XP level 2. HP: 6/15 MP: 0/7
   444 | D:3      | Learned a level 2 spell: Blink
   447 | D:3      | Learned a level 2 spell: Repel Missiles
   549 | D:3      | Reached skill level 1 in Translocations
   831 | D:3      | Reached XP level 3. HP: 19/19 MP: 5/8
   836 | D:3      | Learned a level 3 spell: Mephitic Cloud
   861 | D:3      | Noticed an orc wizard
   872 | D:3      | Slain by an orc wizard

Action                   || total
-------------------------++-------
 Fire: Sling             ||    12
 Cast: Magic Dart        ||    49
       Repel Missiles    ||     1
       Mephitic Cloud    ||     1
       Blink             ||     1
  Use: Scroll            ||     1
       Potion            ||     1
